 Dungeon Crawl Stone Soup version 0.25.1-2-g60ff931df9 (webtiles) character file.

Game seed: 10768616662150760039

34 DildoBatman the Magician (level 3, -5/24 HPs)
             Began as a Formicid Wizard on Aug 17, 2020.
             Slain by a gnoll
             ... wielding a +0 flail
              (10 damage)
             ... on level 1 of the Dungeon.
             The game lasted 00:02:29 (1554 turns).

DildoBatman the Magician (Formicid Wizard)          Turns: 1554, Time: 00:02:29

Health: -5/24      AC:  2    Str: 11    XL:     3   Next: 50%
Magic:  2/7        EV: 12    Int: 18    God:
Gold:   58         SH:  0    Dex:  9    Spells: 1/8 levels left

rFire    . . .     SeeInvis +   a - +0 short sword
rCold    . . .     Gourm    .   (no shield)
rNeg     . . .     Faith    .   j - +0 robe
rPois    .         Spirit   .   (helmet unavailable)
rElec    .         Reflect  .   (no cloak)
rCorr    .         Harm     .   (no gloves)
MR       .....                  (no boots)
Stlth    ++........             g - amulet of the acrobat
HPRegen  0.08/turn              (no ring)
MPRegen  0.10/turn              (no ring)

@: no status effects
A: permanent stasis, dig shafts and tunnels, four strong arms, antennae 3
a: Dig, Shaft Self


You were on level 1 of the Dungeon.
You were not hungry.

You visited 1 branch of the dungeon, and saw 2 of its levels.

You collected 58 gold pieces.

Inventory:

Hand Weapons
 a - a +0 short sword (weapon)
 d - a +0 club
Missiles
 c - 28 sling bullets
 e - 20 arrows
 k - 38 stones (quivered)
Armour
 j - a +0 robe (worn)
Jewellery
 g - an amulet of the acrobat (around neck)
 i - a +4 ring of evasion
Scrolls
 b - a scroll of fear {unknown}
 f - a scroll of enchant weapon {unknown}
 h - 3 scrolls of blinking {unknown}
 n - a scroll of identify {unknown}
Potions
 m - a potion of stabbing {unknown}
Comestibles
 v - 4 rations


   Skills:
 - Level 1.7 Dodging
 - Level 2.4 Stealth
 - Level 3.2 Spellcasting
 * Level 2.8 Conjurations
   Level 1.0 Summonings
   Level 0.8 Translocations


You had one spell level left.
You knew the following spells:

 Your Spells              Type           Power        Failure   Level  Hunger
a - Conjure Flame         Conj/Fire      #.......     26%         3    ###....
c - Magic Dart            Conj           ##..         4%          1    None
e - Mephitic Cloud        Conj/Pois/Air  #.......     32%         3    ###....

Your spell library contained the following spells:

 Spells                   Type           Power        Failure   Level  Hunger
 Call Imp                 Summ           #.......     16%         2    ##.....
 Slow                     Hex            #.......     24%         2    ##.....
 Blink                    Tloc           Unusable     N/A         2    N/A

Dungeon Overview and Level Annotations

Branches:
Dungeon (2/15)

Altars:


Innate Abilities, Weirdness & Mutations

You cannot be hasted, slowed, berserked, paralysed or teleported.
You can dig through walls and to a lower floor.
Your four strong arms can wield two-handed weapons with a shield.
You have a pair of large antennae on your head. (SInv)


Message History

Aim: a gnoll, wielding a +0 flail (heavily wounded)
The magic dart hits the gnoll.
The gnoll is severely wounded.
Casting: Magic Dart (safe; 4% risk of failure)
Confirm with . or Enter, or press ? or * to list all spells.
Aiming: Magic Dart (safe; 4% risk of failure)
Press: ? - help, Shift-Dir - straight line, f/p - gnoll
Aim: a gnoll, wielding a +0 flail (severely wounded)
The magic dart hits the gnoll.
The gnoll is almost dead.
The gnoll misses you.
Casting: Magic Dart (safe; 4% risk of failure)
Confirm with . or Enter, or press ? or * to list all spells.
Aiming: Magic Dart (safe; 4% risk of failure)
Press: ? - help, Shift-Dir - straight line, f/p - gnoll
Aim: a gnoll, wielding a +0 flail (almost dead)
The magic dart hits the gnoll.
The gnoll is almost dead.
The gnoll hits you with a +0 flail!
You die...

#.......# #.................
#.......# #.###.########.### #
#...)...# #.# #.## #.#
####.......# #.# #..# #.#
.........### #.####.#######.###
.######'########.##.#.#.#.......#
.#...##.##......................#
.#.#.##.##........#.#.#.#.......#
.#.#.##.##......@...............#
.#.#.##..........g#.#.#.#..##'###
.#.#.#####.............>...##.#
.#.#.# #........#.#.#.#..##.#
...#.# ############......##.###
####.############# ##.....'.....
..[..##..........#####.....#..###
#######..........'.........#..#
#..........########..#..###


You could see a gnoll.

Vanquished Creatures
  An adder (D:2)
  A dart slug (D:2)
  2 ball pythons (D:1)
  A bat (D:1)
  5 goblins
  5 hobgoblins (D:1)
  A kobold (D:1)
  2 frilled lizards (D:1)
  4 rats
22 creatures vanquished.

Notes
Turn   | Place    | Note
-------+----------+-------------------------------------------
     0 | D:1      | DildoBatman the Formicid Wizard began the quest for the
                  | Orb.
     0 | D:1      | Reached XP level 1. HP: 13/13 MP: 4/4
    67 | D:1      | Reached skill level 1 in Conjurations
   286 | D:1      | Reached XP level 2. HP: 19/19 MP: 3/6
  1070 | D:1      | Reached XP level 3. HP: 24/24 MP: 5/7
  1075 | D:1      | Learned a level 3 spell: Conjure Flame
  1079 | D:1      | Learned a level 3 spell: Mephitic Cloud
  1554 | D:1      | Slain by a gnoll

Illustrated notes

Levels and vault maps discovered:
D:1:      dpeg_arrival_connections, layout_basic, st_stairs_8,
          minmay_misc_feat_cross
D:2:      layout_basic, first_ration

Skill      XL: |  1  2 |
---------------+-------+-----
Conjurations   | 1 2 |  2.8
Dodging        | |  1.7
Stealth        | |  2.4
Spellcasting   | |  3.2
Summonings     | |  1.0
Translocations | |  0.8

Action                   || total
-------------------------++-------
Melee: Short sword       ||     6
 Cast: Magic Dart        ||    59
  Eat: Chunk             ||     2
Armor: Robe              ||     1
Dodge: Dodged            ||    13
